 Dungeon Crawl Stone Soup version 0.28.0-47-ge53b351184 (webtiles) character file.

Game seed: 12320282900474074157

285 hawla the Stinger (level 6, 0/46 HPs)
             Began as a Draconian Venom Mage on Apr 25, 2022.
             Slain by a mummy (7 damage)
             ... in an ossuary on Apr 26, 2022.
             The game lasted 00:13:46 (5243 turns).

hawla the Stinger (Draconian Venom Mage)            Turns: 5243, Time: 00:13:47

Health: 0/46       AC:  6    Str: 10    XL:     6   Next: 7%
Magic:  12/12      EV: 12    Int: 20    God:
Gold:   96         SH:  0    Dex: 11    Spells: 6/13 levels left

rFire   . . .      SeeInvis .   (no weapon)
rCold   . . .      Faith    .   (no shield)
rNeg    . . .      Spirit   .   (armour unavailable)
rPois   .          Reflect  .   (helmet restricted)
rElec   .          Harm     .   (no cloak)
rCorr   .          Rampage  .   (no gloves)
Will    .....                   (no boots)
Stlth   ++........              (no amulet)
HPRegen 0.15/turn               (no ring)
MPRegen 0.13/turn               (no ring)

@: flying, invisible
A: AC +6, unfitting armour, cold-blooded, big wings, clever 1, subdued magic 1,
noise suppression
a: no special abilities


You were in an ossuary.
You visited 1 branch of the dungeon, and saw 5 of its levels.
You also visited: Ossuary.

You collected 96 gold pieces.

Inventory:

Missiles
 i - 7 poisoned darts
Jewellery
 e - a ring of resist corrosion
 h - an amulet of the acrobat
Scrolls
 a - 2 scrolls of enchant weapon
 f - a scroll of identify
Potions
 b - a potion of brilliance
 c - a potion of cancellation


   Skills:
 + Level 0.7 Fighting
 - Level 2.2 Dodging
 - Level 1.8 Stealth
 + Level 4.3 Spellcasting
 - Level 1.0 Transmutations
 + Level 5.0 Poison Magic


You had 6 spell levels left.
You knew the following spells:

 Your Spells              Type           Power      Damage    Failure   Level
a - Sting                 Tmut/Pois      48%        1d5       2%          1
b - Poisonous Vapours     Pois/Air       22%        N/A       5%          2
c - Olgreb's Toxic Radia  Pois           18%        N/A       13%         4

Your spell library contained the following spells:

 Spells                   Type           Power      Damage    Failure   Level
 Mephitic Cloud           Conj/Pois/Air  8%         N/A       16%         3
 Tukima's Dance           Hex            3%         N/A       32%         3
 Anguish                  Hex/Necr       1%         N/A       73%         4
 Enfeeble                 Hex            1%         N/A       100%        7


Dungeon Overview and Level Annotations

Branches:
Dungeon (5/15)            Ossuary (1/1)
 Temple: D:4-7

Altars:
Gozag
Wu Jian

Annotations:
D:1 dig the ogre
D:3 1 runed translucent door, JuniperTheExplorer's ghost, amateur FeTm
D:4 Edmund


Innate Abilities, Weirdness & Mutations

Your plain brown scales are hard. (AC +6)
You cannot fit into any form of body armour.
You are cold-blooded and may be slowed by cold attacks.
Your large and strong wings let you fly.
Your mind is acute. (Int +2)
Your spells are a little easier to cast, but a little less powerful.
You passively dampen the noise of your surroundings.


Message History

You hit the mummy but do no damage.
The mummy is moderately damaged.
The mummy barely misses you.
You hit the mummy.
The mummy is moderately damaged.
The mummy barely misses you. The mummy hits you.
You barely miss the mummy.
The mummy is moderately damaged.
The mummy closely misses you.
You hit the mummy but do no damage. You tail-slap the mummy.
The mummy is moderately damaged.
The mummy hits you. The mummy hits you but does no damage.
The mummy misses you.
You hit the mummy but do no damage.
The mummy is moderately damaged.
The mummy hits you but does no damage. The mummy barely misses you.
You hit the mummy.
The mummy is heavily damaged.
The mummy hits you but does no damage.
You hit the mummy.
The mummy is severely damaged.
The mummy hits you! x2
You hit the mummy but do no damage.
The mummy is severely damaged.
The mummy closely misses you.
You fade into invisibility!
The mummy barely misses you. The mummy closely misses you.
The mummy misses you.
You hit the mummy.
You tail-slap the mummy, but do no damage.
The mummy is severely damaged.
The mummy misses you. The mummy barely misses you.
You strike the helpless mummy from behind!
You hit the mummy but do no damage.
You tail-slap the mummy, but do no damage.
The mummy is severely damaged.
The mummy hits you!
* * * LOW HITPOINT WARNING * * *
The mummy closely misses you. The mummy hits you!
You die...

#######
#.#.#.#
#.....#
#...#
#.∩.#


#MMM# #.@.# #...# ##+## You could see 3 mummies.

Vanquished Creatures
  An ogre (D:5)
  3 hounds
  Jessica (D:2)
  A gnoll (D:1)
  An adder skeleton (D:2)
  A worm (D:2)
  A dart slug (D:2)
  7 ball pythons
  4 endoplasms
  2 giant cockroaches
  6 goblins
  5 hobgoblins
  10 jackals
  4 kobolds
  3 quokkas
  4 bats
  5 frilled lizards
  7 rats
66 creatures vanquished.

Vanquished Creatures (collateral kills)
  2 endoplasms (D:3)
  A bat (D:3)
3 creatures vanquished.

Grand Total: 69 creatures vanquished

Notes
Turn   | Place    | Note
-------+----------+-------------------------------------------
     0 | D:1      | hawla the Draconian Venom Mage began the quest for the Orb.
     0 | D:1      | Reached XP level 1. HP: 14/14 MP: 3/3
     9 | D:1      | Noticed an ogre
   375 | D:2      | Reached XP level 2. HP: 15/20 MP: 3/5
   378 | D:2      | Learned a level 2 spell: Poisonous Vapours
  1660 | D:1      | Reached XP level 3. HP: 22/26 MP: 0/6
  2558 | D:2      | Noticed Jessica
  2567 | D:2      | Killed Jessica
  2568 | D:2      | Reached XP level 4. HP: 28/33 MP: 0/8
  2573 | D:2      | Learned a level 4 spell: Olgreb's Toxic Radiance
  2796 | D:2      | Found a faded altar of an unknown god.
  2929 | D:2      | Reached skill level 4 in Poison Magic
  3681 | D:3      | Reached XP level 5. HP: 5/39 MP: 1/10
  4255 | D:3      | Found a runed translucent door.
  4259 | D:3      | Noticed JuniperTheExplorer's ghost (amateur FeTm)
  4593 | D:3      | Found an ornate altar of the Wu Jian Council.
  4820 | D:4      | Noticed Edmund
  4829 | D:5      | Entered Level 5 of the Dungeon
  4830 | D:5      | Noticed an ogre
  4832 | D:5      | Gained mutation: Your mind is acute. (Int +2) [potion of
                  | mutation]
  4832 | D:5      | Gained mutation: Your spells are a little easier to cast,
                  | but a little less powerful. [potion of mutation]
  4832 | D:5      | Gained mutation: You passively dampen the noise of your
                  | surroundings. [potion of mutation]
  4832 | D:5      | Gained mutation: Your large and strong wings let you fly.
                  | [potion of mutation]
  4950 | D:5      | Killed an ogre
  4951 | D:5      | Reached skill level 5 in Poison Magic
  4951 | D:5      | Reached XP level 6. HP: 7/46 MP: 1/12
  5150 | D:5      | Found an opulent altar of Gozag.
  5216 | D:5      | Found a sand-covered staircase.
  5221 | Ossuary  | Entered an ossuary
  5243 | Ossuary  | Slain by a mummy

Illustrated notes

Levels and vault maps discovered:
D:1:      evilmike_arrival_come_back, layout_basic, minmay_tromino_i4
D:2:      layout_loops_ring, hellmonk_ecumenical_altar_inner_sanctum,
          uniq_jessica
D:3:      layout_basic, mainiacjoe_overflow_tiny_flanked, ebering_ghost_sewer_d
D:4:      layout_gridville, mainiacjoe_overflow_alcove_4, kennysheep_mini,
          uniq_natasha, uniq_edmund
D:5:      layout_rooms, grunt_dithmenos_shadows, nicolae_gozag_seed_capital,
          nicolae_ossuary_entry_plus, chequers_avenue, nicolae_zen_rock_garden,
          uniq_ijyb
Ossuary:  ossuary_minmay_chase

Skill      XL: |  1  2  3  4  5 |
---------------+----------------+-----
Dodging        | 2 |  2.2
Spellcasting   | 3 4 |  4.3
Poison Magic   | 4 5 |  5.0
Fighting       | |  0.7
Stealth        | |  1.8
Transmutations | |  1.0

Action                   |  1- 3 |  4- 6 || total
-------------------------+-------+-------++-------
Melee: Unarmed           |    32 |    46 ||    78
       Tailslap          |     3 |     9 ||    12
 Cast: Sting             |    39 |    18 ||    57
       Poisonous Vapours |    28 |    16 ||    44
       Olgreb's Toxic Ra |       |     6 ||     6
  Use: Scroll            |     4 |     5 ||     9
       Potion            |       |     9 ||     9
 Stab: Invisible         |       |     1 ||     1
Armor: Skin              |    17 |    40 ||    57
Dodge: Dodged            |    47 |    55 ||   102
